 Dungeon Crawl Stone Soup version 0.29.1-1-gd02db6906a (webtiles) character file.

Game seed: 11468648462205078184

1308 safid the Skirmisher (level 8, -9/74 HPs)
             Began as a Minotaur Hunter on Sept 22, 2022.
             Killed by divine providence
             ... invoked by an orc priest
              (14 damage)
             ... on level 5 of the Dungeon.
             The game lasted 00:07:02 (5155 turns).

safid the Skirmisher (Minotaur Hunter)              Turns: 5155, Time: 00:07:04

Health: -9/74      AC:  8    Str: 16    XL:     8   Next: 32%
Magic:  7/7        EV: 13    Int:  6    God:
Gold:   237        SH:  0    Dex: 16    Spells: 7/7 levels left

rFire   + . .      SeeInvis .   a - +0 shortbow
rCold   . . .      Faith    .   (shield currently unavailable)
rNeg    . . .      Spirit   .   c - +0 leather armour
rPois   .          Reflect  .   (helmet restricted)
rElec   .          Harm     .   (no cloak)
rCorr   .          Rampage  .   m - +0 pair of gloves
Will    .....                   (no boots)
Stlth   +.........              (no amulet)
HPRegen 0.22/turn               e - +4 ring of protection
MPRegen 0.10/turn               y - ring of protection from fire

@: no status effects
A: horns 2, retaliatory headbutt
a: no special abilities


You were on level 5 of the Dungeon.
You visited 1 branch of the dungeon, and saw 5 of its levels.

You collected 237 gold pieces.

Inventory:

Hand Weapons
 a - a +0 shortbow (weapon)
Missiles
 o - a throwing net
 q - 3 javelins
Armour
 c - a +0 leather armour (worn)
 m - a +0 pair of gloves (worn)
Jewellery
 e - a +4 ring of protection (left hand)
 y - a ring of protection from fire (right hand)
Wands
 x - a wand of iceblast (3)
Scrolls
 b - 2 scrolls of immolation
 d - 6 scrolls of identify {unknown}
 f - 2 scrolls of magic mapping {unknown}
 h - 5 scrolls of vulnerability {unknown}
 i - a scroll of acquirement {unknown}
 j - 2 scrolls of enchant armour {unknown}
 p - a scroll of teleportation {unknown}
 r - 2 scrolls of poison {unknown}
 u - 3 scrolls of brand weapon {unknown}
 v - 3 scrolls of enchant weapon {unknown}
 w - a scroll of amnesia {unknown}
Potions
 g - a potion of curing
 k - 3 potions of degeneration {unknown}
 l - a potion of invisibility {unknown}
 n - a potion of brilliance {unknown}
 s - a potion of magic {unknown}
 t - a potion of lignification {unknown}
 z - a potion of resistance {unknown}


   Skills:
 - Level 8.0 Fighting
 + Level 9.1 Ranged Weapons
 - Level 4.0 Dodging
 - Level 0.7 Stealth


You had 7 spell levels left.
You didn't know any spells.
Your spell library was empty.

Dungeon Overview and Level Annotations

Branches:
Dungeon (5/15)
 Temple: D:4-7

Altars:
Yredelemnul


Innate Abilities, Weirdness & Mutations

You have a pair of horns on your head.
You reflexively headbutt those who attack you in melee.


Message History

Unknown command.
Something hits you. The scorpion closely misses you.
The ice beast attacks as you move away!
The ice beast hits you but does no damage.
The scorpion attacks as you move away! The scorpion misses you.
The ice beast attacks as you move away!
The ice beast hits you but does no damage.
Found a barding.
The ice beast hits you. The ice beast freezes you!
* * * LOW HITPOINT WARNING * * *
The orc priest calls upon Beogh to heal the orc.
The orc is healed somewhat.
The scorpion closely misses you. You furiously retaliate!
You headbutt the scorpion. The scorpion attacks as you move away!
The scorpion stings you but does no damage.
The ice beast attacks as you move away! The ice beast closely misses you.
The scorpion attacks as you move away! The scorpion stings you.
* * * LOW HITPOINT WARNING * * *
The orc priest calls down the wrath of Beogh upon you.
Beogh smites you!
* * * LOW HITPOINT WARNING * * *
The ice beast attacks as you move away! The ice beast barely misses you.
Unknown command.
Okay, then.
Okay, then.
The scorpion attacks as you move away! The scorpion stings you.
* * * LOW HITPOINT WARNING * * *
You are lethally poisoned!
The scorpion poisons you!
* * * LOW HITPOINT WARNING * * *
You feel very sick.
You feel better. The scorpion stings you.
* * * LOW HITPOINT WARNING * * *
The scorpion barely misses you. You furiously retaliate!
You headbutt the scorpion.
The ice beast hits you but does no damage.
The orc priest calls down the wrath of Beogh upon you.
Beogh smites you!
You die...

....## #.# ########
#....## ##.#
#......#######
#.!..####..#
#............. #....##.##
#............. ##......#
#............. ###....#
#............. ##...#####
#.............
##.o{o.Y####.......)..)..
#.#.oos@................
...######................
.....# ####............
........ #...)........
........ ###..........
..[..... #####......
......... #####.. ##.
######.


You could see an ice beast, a scorpion, an orc priest and 3 orcs.

Vanquished Creatures
  Sigmund (D:5)
  Menkaure (D:4)
  Edmund (D:4)
  A water moccasin (D:3)
  A black bear (D:4)
  An ogre (D:4)
  A necrophage (D:5)
  3 scorpions
  A howler monkey (D:4)
  An orc priest (D:5)
  A jelly (D:5)
  An iguana (D:5)
  Ijyb (D:4)
  Terence (D:3)
  4 gnolls (D:2)
  6 adders
  5 worms
  A dart slug (D:4)
  3 orcs
  5 ball pythons
  11 endoplasms
  11 giant cockroaches
  9 goblins
  10 hobgoblins
  8 jackals
  9 quokkas
  5 bats
  5 frilled lizards
  10 kobolds
  10 rats
128 creatures vanquished.

Notes
Turn   | Place    | Note
-------+----------+-------------------------------------------
     0 | D:1      | safid the Minotaur Hunter began the quest for the Orb.
     0 | D:1      | Reached XP level 1. HP: 18/18 MP: 0/0
   132 | D:1      | Reached XP level 2. HP: 25/25 MP: 1/1
   475 | D:1      | Reached XP level 3. HP: 29/31 MP: 2/2
  1013 | D:2      | Reached skill level 5 in Ranged Weapons
  1450 | D:2      | Reached XP level 4. HP: 17/39 MP: 3/3
  2411 | D:2      | Found a basalt altar of Yredelemnul.
  2599 | D:3      | Found a faded altar of an unknown god.
  2728 | D:3      | Reached XP level 5. HP: 42/46 MP: 4/4
  2835 | D:3      | Noticed a water moccasin
  2839 | D:3      | Killed a water moccasin
  2840 | D:3      | Reached skill level 5 in Fighting
  2869 | D:3      | Noticed Terence
  3108 | D:3      | Killed Terence
  3109 | D:3      | Reached XP level 6. HP: 55/56 MP: 5/5
  3298 | D:3      | Reached skill level 6 in Ranged Weapons
  3983 | D:4      | Noticed Menkaure
  3990 | D:4      | Killed Menkaure
  3991 | D:4      | Reached XP level 7. HP: 51/64 MP: 6/6
  4085 | D:4      | Reached skill level 7 in Ranged Weapons
  4233 | D:4      | Noticed Edmund
  4241 | D:4      | Killed Edmund
  4393 | D:4      | Noticed Ijyb
  4411 | D:4      | Killed Ijyb
  4786 | D:5      | Entered Level 5 of the Dungeon
  4811 | D:5      | Noticed Sigmund
  4822 | D:5      | Reached skill level 8 in Ranged Weapons
  4822 | D:5      | Reached XP level 8. HP: 68/74 MP: 7/7
  4834 | D:5      | Killed Sigmund
  4935 | D:5      | Reached skill level 9 in Ranged Weapons
  5155 | D:5      | Killed from afar by an orc priest

Illustrated notes

Levels and vault maps discovered:
D:1:      amcnicky_arrival_gap_in_the_tavern_cellar, layout_loops_ring
D:2:      minmay_roachtagon, layout_loops_ring, basic_altar
D:3:      layout_loops_cross, hellmonk_ecumenical_altar_run_dry, uniq_terence
D:4:      layout_gridville, uniq_ijyb, uniq_menkaure, uniq_edmund
D:5:      layout_cave_pods, uniq_prince_ribbit1, uniq_sigmund

Skill      XL: |  1  2  3  4  5  6  7  8 |
---------------+-------------------------+-----
Fighting       | 3 4 5 6 7 8 |  8.0
Dodging        | 3 4 |  4.0
Ranged Weapons | 5 6 8 9 |  9.1
Stealth        | |  0.7

Action                   |  1- 3 |  4- 6 |  7- 9 || total
-------------------------+-------+-------+-------++-------
 Fire: Shortbow          |   120 |   200 |   131 ||   451
  Use: Potion            |       |       |     2 ||     2
Armor: Leather armour    |    11 |    51 |    25 ||    87
Dodge: Dodged            |    54 |    89 |    45 ||   188
